 Dungeon Crawl Stone Soup version 0.22.1 (webtiles) character file.

3992 Ghost6211 the Blocker (level 10, -35/91 HPs)
             Began as a Minotaur Fighter on Sept 17, 2018.
             Was a Follower of Qazlal.
             Killed from afar by a fire dragon (44 damage)
             ... with a blast of flame
             ... on level 8 of the Dungeon.
             The game lasted 00:15:14 (6081 turns).

Ghost6211 the Blocker (Minotaur Fighter)            Turns: 6081, Time: 00:15:15

Health: -35/91     AC:  8    Str: 25    XL:     10   Next: 3%
Magic:  7/9        EV: 10    Int:  8    God:    Qazlal [*.....]
Gold:   308        SH: 15    Dex:  9    Spells: 9/9 levels left

rFire    . . .     SeeInvis +   y - +1 flail (protect)
rCold    . . .     Gourm    .   c - +0 shield
rNeg     + . .     Faith    .   a - +3 leather armour of Compassion {rN+ MR+}
rPois    .         Spirit   .   (helmet restricted)
rElec    .         Reflect  .   m - +0 cloak
rCorr    .         Harm     .   (no gloves)
MR       +....                  k - +0 pair of boots
Stlth    +.........             (no amulet)
HPRegen  0.25/turn              j - +3 ring of intelligence
MPRegen  0.11/turn              (no ring)

@: no status effects
A: retaliatory headbutt, hooves 1, horns 2, see invisible, no potion heal 1,
sturdy frame 1
a: Renounce Religion


You were on level 8 of the Dungeon.
You worshipped Qazlal.
Qazlal was aware of your devotion.
You were not hungry.

You visited 2 branches of the dungeon, and saw 9 of its levels.

You collected 308 gold pieces.

Inventory:

Hand Weapons
 y - a +1 flail of protection (weapon)
 D - a +2 antimagic morningstar
Missiles
 g - 145 stones (quivered)
Armour
 a - the +3 leather armour of Compassion (worn) {rN+ MR+}
   (You found it on level 6 of the Dungeon)

   It protects you from negative energy.
   It affects your resistance to hostile enchantments.
 b - a +0 scale mail
 c - a +0 shield (worn)
 k - a +0 pair of boots (worn)
 m - a +0 cloak (worn)
Jewellery
 j - a +3 ring of intelligence (left hand)
 A - a cursed ring of teleportation
Wands
 v - a wand of paralysis (12)
Scrolls
 e - 3 scrolls of remove curse
 h - a scroll of immolation {unknown}
 i - 3 scrolls of teleportation
 l - 2 scrolls of blinking
 n - 5 scrolls of identify
 p - a scroll of magic mapping {unknown}
 q - a scroll of fear {unknown}
 r - a scroll of enchant weapon {unknown}
 B - a scroll of random uselessness {unknown}
Potions
 d - 2 potions of brilliance
 o - a potion of magic {unknown}
 s - a potion of agility {unknown}
 t - 3 potions of degeneration
 u - a potion of flight {unknown}
 w - a potion of lignification
 x - 2 potions of heal wounds {unknown}
 z - a potion of curing {unknown}
 C - a potion of haste {unknown}
Comestibles
 f - a ration


   Skills:
 + Level 9.4 Fighting
 + Level 9.0 Maces & Flails
 - Level 3.6 Armour
 * Level 12.4 Shields


You had 9 spell levels left.
You didn't know any spells.
Your spell library contained the following spells:

 Spells                   Type           Power        Failure   Level  Hunger
 Animate Skeleton         Necr           N/A          52%         1    ##.....
 Apportation              Tloc           #.....       52%         1    ##.....
 Confusing Touch          Hex            #.....       52%         1    ##.....
 Summon Small Mammal      Summ           #...         52%         1    ##.....


Dungeon Overview and Level Annotations

Branches:
Dungeon (8/15)             Temple (1/1) D:6
   Lair: D:8-11

Altars:
Ashenzari
Cheibriados
Dithmenos
Elyvilon
Fedhas
Gozag
Hepliaklqana
Kikubaaqudgha
Makhleb
Nemelex Xobeh
Okawaru
Qazlal
Ru
Sif Muna
Trog
Uskayaw
Vehumet
Wu Jian
Xom
Yredelemnul
Zin
The Shining One

Shops:
D:2 *


Innate Abilities, Weirdness & Mutations

You reflexively headbutt those who attack you in melee.
You have a pair of horns on your head.
You have large cloven feet.
You have supernaturally acute eyesight. (SInv)
Potions are less effective at restoring your health.
Your movements are slightly less encumbered by armour. (ER -2)


Message History

The blast of flame hits you!
Things that are here:
a club; 4 stones You see here a kobold corpse.
g - 145 stones (gained 2)
Items here: ) ††† a club; a kobold corpse x3
You see here a big kobold corpse.
The fire dragon breathes flames at you. The blast of flame hits you!
* * * LOW HITPOINT WARNING * * *
You see here a stone.
The fire dragon breathes flames at you. The blast of flame misses you.
Found a scroll of remove curse.
Found 11 gold pieces.
You see here a scroll of remove curse.
The fire dragon breathes flames at you. The blast of flame hits you!
You die...

##...## ###((.
##.....## #()...
###.......###(.D..
#.D...............
#.#.......#)#.....
#.##.....##D#....)
#.###...###)###.##
#?# ##D## #†# #.#
#@# #.####(###.#
#.# #....D.....##
#.# ######.......
#.# ######## #.$
###


You could see a fire dragon.

Vanquished Creatures
  Erica (D:8)
  Pikel (D:5)
  Grinder (D:3)
  The ghost of poxu the Grave Robber, an amateur DsNe (D:5)
  Edmund (D:5)
  Duvessa (D:5)
  2 orc warriors
  2 phantoms (D:6)
  A black bear (D:6)
  A centaur (D:5)
  2 ogres (D:4)
  3 big kobolds
  A bullfrog (D:8)
  A scorpion (D:4)
  Dowan (D:5)
  3 killer bees (D:7)
  A bullfrog zombie (D:5)
  4 crimson imps
  2 hounds
  A jelly (D:7)
  3 orc priests
  Crazy Yiuf (D:2)
  An iguana (D:8)
  Ijyb (D:5)
  7 orc wizards
  7 worker ants
  A worker ant zombie (D:6)
  3 gnolls (D:6)
  10 adders
  A river rat (D:5)
  2 shadow imps
  An ooze (D:5)
  4 worms
  A dart slug (D:1)
  5 leopard geckos
  29 orcs
  3 bats (D:1)
  8 giant cockroaches
  4 goblins
  7 hobgoblins
  19 kobolds
  3 quokkas
  3 ball pythons
  7 frilled lizards
  A leopard gecko skeleton (D:4)
  A quokka skeleton (D:4)
  A quokka zombie (D:6)
  7 rats
172 creatures vanquished.

Vanquished Creatures (others)
  A river rat (D:5)
  2 fungi (D:5)
  4 plants
7 creatures vanquished.

Grand Total: 179 creatures vanquished

Notes
Turn   | Place    | Note
-------+----------+-------------------------------------------
     0 | D:1      | Ghost6211 the Minotaur Fighter began the quest for the Orb.
     0 | D:1      | Reached XP level 1. HP: 19/19 MP: 0/0
   219 | D:1      | Reached skill level 4 in Shields
   319 | D:1      | Reached XP level 2. HP: 24/27 MP: 1/1
   929 | D:2      | Reached XP level 3. HP: 33/33 MP: 2/2
  1123 | D:2      | Reached skill level 5 in Shields
  1123 | D:2      | Reached XP level 4. HP: 40/40 MP: 3/3
  1227 | D:2      | Found Zin's Purification Station.
  1228 | D:2      | Found a glowing silver altar of Zin.
  1331 | D:2      | Found a runed door.
  1474 | D:2      | Noticed Crazy Yiuf
  1482 | D:2      | Killed Crazy Yiuf
  1767 | D:3      | Noticed Grinder
  1776 | D:3      | Killed Grinder
  1776 | D:3      | Reached skill level 5 in Fighting
  1776 | D:3      | Reached skill level 6 in Shields
  1776 | D:3      | Reached XP level 5. HP: 45/48 MP: 4/4
  1776 | D:3      | Reached XP level 6. HP: 53/56 MP: 5/5
  1829 | D:3      | Found a faded altar of an unknown god.
  2281 | D:4      | Reached skill level 7 in Shields
  2350 | D:4      | Reached skill level 5 in Maces & Flails
  2350 | D:4      | Reached XP level 7. HP: 4/61 MP: 6/6
  2983 | D:5      | Entered Level 5 of the Dungeon
  2989 | D:5      | Reached skill level 8 in Shields
  3043 | D:5      | Noticed Pikel
  3069 | D:5      | Gained mutation: Your movements are slightly less
                  | encumbered by armour. (ER -2) [potion of mutation]
  3069 | D:5      | Gained mutation: You have a somewhat thin skeletal
                  | structure. (Dex +2, Stealth) [potion of mutation]
  3077 | D:5      | Killed Pikel
  3077 | D:5      | Reached skill level 9 in Shields
  3077 | D:5      | Reached XP level 8. HP: 21/71 MP: 7/7
  3316 | D:4      | Lost mutation: You have a somewhat thin skeletal structure.
                  | (Dex +2, Stealth) [potion of mutation]
  3316 | D:4      | Lost mutation: Your movements are slightly less encumbered
                  | by armour. (ER -2) [potion of mutation]
  3316 | D:4      | Gained mutation: Your movements are slightly less
                  | encumbered by armour. (ER -2) [potion of mutation]
  3316 | D:4      | Gained mutation: You have supernaturally acute eyesight.
                  | (SInv) [potion of mutation]
  3316 | D:4      | Gained mutation: Potions are less effective at restoring
                  | your health. [potion of mutation]
  3316 | D:4      | Gained mutation: You have large cloven feet. [potion of
                  | mutation]
  3388 | D:5      | Noticed Ijyb
  3389 | D:5      | Paralysed by Ijyb for 4 turns
  3394 | D:5      | Killed Ijyb
  3425 | D:5      | Noticed Edmund
  3438 | D:5      | Killed Edmund
  3451 | D:5      | Found a runed gate.
  3451 | D:5      | Found a runed gate.
  3453 | D:5      | Found a runed gate.
  3517 | D:5      | Found a glowing drain.
  3609 | D:5      | Noticed Dowan
  3610 | D:5      | Noticed Duvessa
  3621 | D:5      | Killed Dowan
  3622 | D:5      | Killed Duvessa
  3622 | D:5      | Reached skill level 10 in Shields
  4052 | D:5      | Noticed poxu's ghost (amateur DsNe)
  4114 | D:5      | Reached XP level 9. HP: 75/81 MP: 8/8
  4125 | D:5      | Killed poxu's ghost
  4330 | D:6      | Found a staircase to the Ecumenical Temple.
  4352 | Temple   | Entered the Ecumenical Temple
  4360 | Temple   | Became a worshipper of Qazlal Stormbringer
  4657 | D:6      | Reached skill level 11 in Shields
  4815 | D:6      | Got a distressingly furry leather armour
  4816 | D:6      | Identified the +3 leather armour of Compassion {rN+ MR+}
                  | (You found it on level 6 of the Dungeon)
  5047 | D:6      | Found a burning altar of Makhleb.
  5047 | D:6      | Found a shadowy altar of Dithmenos.
  5048 | D:6      | Found a shimmering altar of Xom.
  5113 | D:6      | Found a blossoming altar of Fedhas.
  5585 | D:7      | Reached * piety under Qazlal
  5859 | D:8      | Noticed Erica
  5930 | D:8      | Killed Erica
  5930 | D:8      | Reached skill level 12 in Shields
  5955 | D:8      | Reached XP level 10. HP: 38/91 MP: 9/9
  6050 | D:8      | Noticed a fire dragon
  6081 | D:8      | Killed from afar by a fire dragon

Skill      XL: |  1  2  3  4  5  6  7  8  9 |
---------------+----------------------------+-----
Shields        | 4 5 6 7 9 10 12 | 12.4
Fighting       | 4 5 6 7 9 |  9.4
Maces & Flails | 3 4 5 6 7 9 |  9.0
Armour         | |  3.6

Action                   |  1- 3 |  4- 6 |  7- 9 | 10-12 || total
-------------------------+-------+-------+-------+-------++-------
Melee: Flail             |    93 |    98 |   398 |    17 ||   606
       Headbutt          |    15 |    12 |    71 |     2 ||   100
  Use: Scroll            |     1 |     1 |     4 |       ||     6
       Potion            |       |     1 |     5 |       ||     6
  Eat: Chunk             |       |     2 |     1 |       ||     3
       Ration            |       |     1 |     4 |       ||     5
Armor: Scale mail        |    44 |    31 |    82 |       ||   157
       Skin              |       |       |    14 |       ||    14
       Leather armour    |       |       |    47 |     2 ||    49
Dodge: Dodged            |    34 |    25 |    95 |     6 ||   160
Block: Shield            |    48 |    51 |   226 |    13 ||   338
